 Dungeon Crawl Stone Soup version 0.27.0-1-g7a089689b8 (webtiles) character file.

Game seed: 9047408238657309052

4 Descartes the Skirmisher (level 1, 0/18 HPs)
             Began as a Demonspawn Chaos Knight on Aug 10, 2021.
             Was a Plaything of Xom.
             Frozen to death by an endoplasm (5 damage)
             ... on level 1 of the Dungeon.
             The game lasted 00:00:23 (171 turns).

Descartes the Skirmisher (Demonspawn Chaos Knight)   Turns: 171, Time: 00:00:23

Health: 0/18       AC:  6    Str: 12    XL:     1   Next: 58%
Magic:  1/1        EV: 11    Int: 13    God:    Xom [..*...]
Gold:   1          SH:  0    Dex: 12    Spells: 0/0 levels left

rFire    . . .     SeeInvis .     - Unarmed
rCold    . . .     Faith    .   (no shield)
rNeg     . . .     Spirit   .   a - +2 leather armour
rPois    .         Reflect  .   (no helmet)
rElec    .         Harm     .   (no cloak)
rCorr    .         Rampage  .   b - +0 pair of gloves
Will     .....                  (no boots)
Stlth    +.........             (no amulet)
HPRegen  0.06/turn              (no ring)
MPRegen  0.07/turn              (no ring)

@: no status effects
A: no striking features
a: Renounce Religion


You were on level 1 of the Dungeon.
You worshipped Xom.
You were a toy of Xom.
You visited 1 branch of the dungeon, and saw 1 of its levels.

You collected 1 gold pieces.

Inventory:

Missiles
 c - 42 stones (quivered)
Armour
 a - a +2 leather armour (worn)
 b - a +0 pair of gloves (worn)
Jewellery
 d - a ring of ice


   Skills:
 - Level 3.0 Fighting
 + Level 1.9 Armour
 + Level 1.1 Dodging
 + Level 2.8 Unarmed Combat


You couldn't memorise any spells.
You didn't know any spells.
Your spell library was empty.

Dungeon Overview and Level Annotations

Branches:
Dungeon (1/15)

Altars:


Message History

You barely miss the rat. The rat closely misses you. The rat barely misses you.
You closely miss the rat.
The rat bites you but does no damage. x2
The endoplasm freezes you.
You are frozen.
You barely miss the rat. The rat misses you.
The rat twitches its whiskers.
The rat barely misses you. The endoplasm barely misses you.
You hit the rat.
You kill the rat!
The rat bites you. The endoplasm misses you.
You hit the endoplasm.
The endoplasm is heavily wounded.
The rat bites you but does no damage. The endoplasm freezes you.
You are frozen.
You are too injured to fight recklessly!
You are too injured to fight recklessly!
You are too injured to fight recklessly!
You are too injured to fight recklessly!
You are too injured to fight recklessly!
You are too injured to fight recklessly!
You are too injured to fight recklessly!
You are too injured to fight recklessly!
You are too injured to fight recklessly!
You are too injured to fight recklessly!
You are too injured to fight recklessly!
You are too injured to fight recklessly!
You are too injured to fight recklessly!
You are too injured to fight recklessly!
You are too injured to fight recklessly!
You are too injured to fight recklessly!
You are too injured to fight recklessly!
You are too injured to fight recklessly!
The rat bites you.
* * * LOW HITPOINT WARNING * * *
You hit the endoplasm.
The endoplasm is almost dead.
The endoplasm freezes you.
You are frozen.
You die...

#..........# ###.........)#
.... #............# ...#
#......).....#
...##...##...# ...+...'..#.#
..#...##r# .. #.#...##J# ##
#.#...##@# .# #. #.....##.#
#. .# ##.#####.# #.# #.#
#.## #.# ..###..
..#.##..####.########..#..#
.....................#..#..#
#.........###.######.##...#
+.........# #.# #.##.<.#
#.......... #.######.##...#
.


You could see an endoplasm and a rat.

Vanquished Creatures
  2 goblins (D:1)
  A hobgoblin (D:1)
  A rat (D:1)
4 creatures vanquished.

Notes
Turn   | Place    | Note
-------+----------+-------------------------------------------
     0 | D:1      | Descartes the Demonspawn Chaos Knight began the quest for
                  | the Orb.
     0 | D:1      | Reached XP level 1. HP: 18/18 MP: 1/1
    80 | D:1      | Reached skill level 1 in Dodging
   171 | D:1      | Frozen to death by an endoplasm

Illustrated notes

Levels and vault maps discovered:
D:1:      dpeg_arrival_simpleton_a, layout_basic,
          hellmonk_ecumenical_altar_crossroads, serial_shops, shop

Skill      XL: |  1 |
---------------+----+-----
Dodging        | 1 |  1.1
Fighting       | |  3.0
Armour         | |  1.9
Unarmed Combat | |  2.8

Action                   || total
-------------------------++-------
Melee: Unarmed           ||    14
Armor: Leather armour    ||     6
Dodge: Dodged            ||     6
